Map: Thunderbird LE

Players

Freeman - Winner!

  • Race: Terran Terran
  • League: Platinum
  • Spawn Location: 11:00

A.I. 1 (Very Easy)

  • Race: Terran Terran
  • Spawn Location: 5:00

VOD

Have the link to the VOD?

Description

Time

  • Played on: Sept. 8, 2019, 11:39 a.m.
  • Length: 7:21
Show
View Real Time Build Order
Export as new Build Order

Freeman Terran - Winner!

Build Orders: 1/1/1 

Get SALT Encoding   

  6  0:00  SCV  
  13  0:12  SCV  
  14  0:17  Supply Depot  
  14  0:24  SCV  
  14  0:28  Refinery  
  15  0:39  SCV  
  16  0:45  Barracks  
  16  0:51  Refinery  
  16  0:55  SCV  
  17  1:07  SCV  
  18  1:20  SCV  
  19  1:32  Orbital Command  
  19  1:33  Marine  
  19  1:38  Factory  
  20  1:51  Marine  
  20  1:53  Supply Depot  
  21  2:15  Barracks Reactor  
  21  2:17  Barracks  
  21  2:25  Factory Tech Lab, Starport  
  21  2:45  Siege Tank  
  24  2:51  Marine  
  24  2:52  Marine  
  26  3:02  Medivac  
  26  3:04  Barracks Tech Lab  
  28  3:05  Supply Depot  
  28  3:09  Marine x2  
  30  3:23  Stimpack  
  30  3:27  Supply Depot  
  30  3:31  Siege Tank  
  33  3:42  Marine, Medivac  
  33  3:43  Marine  
  37  3:56  Supply Depot  
  37  4:11  Marine x2  
  39  4:22  Starport Reactor, Barracks  
  39  4:26  Marine  
  39  4:29  Marine  
  41  4:33  Siege Tank  
  44  4:44  Marine  
  45  4:52  Marine  
  46  5:02  Combat Shield  
  46  5:13  Supply Depot  
  46  5:18  Barracks Reactor  
  46  5:19  Marine x3  
  46  5:20  Medivac  
  51  5:32  Medivac  
  53  5:35  Supply Depot  
  53  5:37  Marine x2  
  53  5:40  Marine  
  56  5:54  Marine  
  56  5:55  Marine  
  58  5:58  Marine  
  58  6:00  Supply Depot  
  58  6:02  Marine  
  58  6:03  Marine  
  61  6:12  Marine x2  
  63  6:25  Supply Depot  
  63  6:30  Marine, Engineering Bay  
  63  6:31  Marine x2  
  66  6:48  Supply Depot  
  66  6:59  Marine  
  66  7:00  Marine x4  
  76  7:19  Supply Depot  
Show
View Real Time Build Order
Export as new Build Order

A.I. 1 (Very Easy) Terran 

Build Orders: Reaper Expand 

Get SALT Encoding   

  6  0:00  SCV  
  13  0:13  SCV  
  14  0:18  Supply Depot  
  14  0:42  Barracks  
  14  1:03  Command Center  
  14  1:30  Orbital Command, Supply Depot  
  14  1:31  Marine  
  15  1:37  Refinery  
  15  1:48  Refinery  
  15  1:56  SCV  
  16  2:08  SCV  
  17  2:16  Reaper  
  17  2:20  SCV  
  17  2:21  SCV  
  20  2:32  SCV  
  20  2:36  SCV  
  22  2:44  SCV  
  22  2:50  SCV  
  24  2:51  Refinery  
  24  2:57  SCV  
  25  3:00  Marine  
  25  3:04  SCV  
  27  3:11  SCV  
  28  3:18  Factory  
  28  3:19  SCV  
  29  3:41  Refinery  
  29  3:42  SCV  
  29  3:45  Marine  
  31  3:49  SCV  
  31  3:55  Supply Depot  
  32  3:56  SCV  
  33  4:04  SCV  
  33  4:06  Starport  
  34  4:11  SCV  
  35  4:18  SCV  
  36  4:25  SCV  
  36  4:30  Reaper  
  38  4:32  SCV  
  38  4:36  Supply Depot  
  39  4:39  SCV  
  39  4:43  Starport Tech Lab  
  40  4:47  SCV  
  41  4:54  SCV  
  41  4:58  Hellion  
  43  5:01  SCV  
  43  5:02  Supply Depot  
  39  5:08  SCV  
  27  5:15  SCV  
  21  5:23  SCV  
  21  5:27  Hellion  
  19  5:30  SCV  
  16  5:54  Starport  
  16  6:03  Supply Depot  
  10  6:25  SCV  
  10  6:30  Supply Depot  
Tags
 
Add a new tag
Caveats
  • Supply blocks, unpowered buildings, or Contaminate may cause inaccurate times.
  • Supply counts are checked every 10 seconds.